Map: Bel'Shir Vestige LE (Void)

Players

TRUE - Winner!

  • Race: Zerg Zerg
  • Spawn Location: 5:00

Bails

  • Race: Protoss Protoss
  • Spawn Location: 11:00

Event: WCS Austin 2017

VOD

Have the link to the VOD?

Description

Time

  • Played on: April 28, 2017, 2:34 p.m.
  • Length: 7:27

All games in this series

Show
View Real Time Build Order
Export as new Build Order

TRUE Zerg - Winner!

Build Orders: Hatch First 

Get SALT Encoding   

  12  0:00  Drone  
  13  0:12  Overlord  
  13  0:16  Drone  
  14  0:31  Drone x2  
  16  0:50  Hatchery  
  16  0:52  Drone  
  16  0:54  Drone  
  17  1:09  Spawning Pool  
  17  1:11  Extractor  
  15  1:12  Drone  
  15  1:17  Drone  
  17  1:21  Drone  
  18  1:30  Drone  
  19  1:38  Overlord  
  19  1:55  Queen  
  19  1:57  Zergling x2  
  19  2:00  Drone  
  23  2:01  Queen  
  23  2:02  Drone  
  26  2:10  Drone  
  26  2:12  Metabolic Boost  
  26  2:13  Drone  
  28  2:21  Drone  
  29  2:24  Drone  
  30  2:36  Hatchery  
  29  2:42  Queen  
  31  2:44  Drone  
  31  2:47  Drone  
  31  2:49  Drone  
  34  2:53  Overlord  
  34  2:55  Drone  
  34  2:58  Drone  
  36  3:08  Overlord  
  36  3:12  Drone x5  
  41  3:15  Drone  
  41  3:18  Drone  
  43  3:22  Drone  
  43  3:25  Roach Warren  
  43  3:26  Drone  
  44  3:31  Extractor  
  43  3:36  Lair  
  43  3:37  Drone  
  44  3:42  Drone  
  44  3:43  Overlord  
  44  3:44  Drone x2  
  44  3:45  Drone  
  44  3:46  Drone  
  49  3:58  Overlord  
  49  4:00  Drone x2  
  51  4:05  Roach x2  
  51  4:06  Roach  
  59  4:10  Roach  
  59  4:12  Roach  
  59  4:14  Overlord  
  59  4:17  Roach  
  63  4:21  Roach  
  65  4:25  Roach  
  65  4:26  Zergling x14  
  65  4:28  Overlord  
  74  4:37  Overseer  
  74  4:38  Overlord  
  74  4:42  Overlord  
  74  4:45  Overlord  
  74  4:46  Zergling x6, Spine Crawler  
  74  4:49  Zergling x2  
  76  4:57  Glial Reconstitution  
  76  5:05  Zergling x2  
  76  5:06  Zergling x16  
  84  5:10  Zergling x2  
  84  5:12  Zergling x2  
  85  5:19  Roach x5, Overlord  
  96  5:25  Zergling x2  
  96  5:26  Zergling x4  
  96  5:33  Zergling x2  
  96  5:34  Zergling x4  
  96  5:35  Extractor  
  98  5:36  Zergling x6  
  95  5:50  Roach  
  95  5:51  Roach x2  
  95  5:52  Zergling x6  
  95  5:53  Zergling x2  
  104  5:58  Roach  
  104  6:01  Roach  
  104  6:03  Overlord  
  106  6:04  Overlord  
  106  6:05  Overlord  
  106  6:06  Overlord  
  106  6:08  Roach  
  106  6:09  Overlord  
  106  6:10  Overlord  
  105  6:21  Zergling x4, Spore Crawler  
  105  6:22  Zergling x4  
  105  6:23  Spore Crawler  
  105  6:24  Zergling x2  
  108  6:28  Zergling x4  
  108  6:32  Zergling x2  
  107  6:34  Zergling x4  
  107  6:35  Zergling x2  
  107  6:36  Zergling x2  
  106  6:43  Zergling x6  
  99  6:49  Zergling x4  
  99  6:52  Zergling x4  
  99  6:54  Zergling x4  
  99  7:00  Zergling x6  
  100  7:02  Zergling x2  
  100  7:07  Zergling x4  
Show
View Real Time Build Order
Export as new Build Order

Bails Protoss 

Build Orders: 1 Gate Expand 

Get SALT Encoding   

  12  0:00  Probe (Chrono Boost)  
  13  0:11  Probe (Chrono Boost)  
  14  0:19  Pylon  
  14  0:21  Probe (Chrono Boost)  
  15  0:37  Gateway  
  15  0:38  Probe (Chrono Boost)  
  16  0:48  Probe (Chrono Boost)  
  16  0:49  Assimilator  
  17  0:59  Probe (Chrono Boost)  
  18  1:09  Probe (Chrono Boost)  
  19  1:20  Probe (Chrono Boost)  
  20  1:26  Nexus  
  20  1:37  Cybernetics Core  
  21  1:40  Probe (Chrono Boost)  
  21  1:45  Assimilator  
  21  1:50  Probe (Chrono Boost)  
  22  1:56  Pylon  
  22  2:01  Probe (Chrono Boost)  
  23  2:06  Warp Gate  
  23  2:10  Stalker  
  26  2:16  Probe (Chrono Boost)  
  26  2:23  Twilight Council  
  26  2:29  Probe (Chrono Boost)  
  27  2:37  Adept  
  27  2:38  Probe (Chrono Boost)  
  27  2:42  Probe (Chrono Boost)  
  31  2:49  Probe (Chrono Boost)  
  32  2:52  Resonating Glaives  
  32  2:54  Probe (Chrono Boost)  
  33  3:00  Probe (Chrono Boost)  
  34  3:10  Gateway  
  34  3:13  Gateway  
  34  3:17  Probe (Chrono Boost)  
  34  3:19  Mothership Core (Chrono Boost)  
  37  3:23  Adept  
  39  3:29  Probe (Chrono Boost)  
  39  3:31  Pylon  
  40  3:36  Assimilator  
  40  3:39  Probe (Chrono Boost)  
  40  3:40  Assimilator  
  42  3:41  Probe (Chrono Boost)  
  42  3:51  Probe (Chrono Boost)  
  42  3:52  Probe (Chrono Boost)  
  44  4:01  Probe (Chrono Boost)  
  46  4:02  Stargate  
  46  4:03  Probe (Chrono Boost)  
  46  4:04  Stargate  
  46  4:10  Pylon  
  46  4:12  Probe (Chrono Boost)  
  46  4:13  Probe (Chrono Boost)  
  46  4:14  Adept x2  
  52  4:19  Adept  
  54  4:26  Pylon  
  54  4:28  Probe (Chrono Boost)  
  55  4:35  Adept x2  
  55  4:36  Probe (Chrono Boost)  
  60  4:42  Probe (Chrono Boost)  
  60  4:44  Phoenix  
  61  4:50  Phoenix  
  65  5:03  Pylon  
  65  5:06  Phoenix  
  65  5:11  Phoenix  
  69  5:21  Nexus  
  69  5:25  Adept  
  69  5:26  Pylon  
  69  5:28  Phoenix  
  69  5:31  Sentry  
  69  5:33  Phoenix  
  69  5:34  Probe (Chrono Boost)  
  76  5:46  Adept  
  76  5:47  Adept  
  76  5:49  Phoenix  
  77  5:51  Probe (Chrono Boost)  
  80  5:58  Probe (Chrono Boost)  
  80  6:02  Robotics Facility  
  81  6:04  Probe (Chrono Boost)  
  81  6:07  Pylon  
  81  6:09  Phoenix  
  75  6:13  Probe (Chrono Boost)  
  75  6:16  Pylon  
  80  6:22  Adept x2  
  85  6:26  Probe (Chrono Boost)  
  85  6:27  Void Ray  
  85  6:28  Probe (Chrono Boost)  
  85  6:31  Adept  
  87  6:38  Pylon  
  87  6:39  Probe (Chrono Boost)  
  87  6:41  Probe (Chrono Boost)  
  79  6:54  Probe (Chrono Boost)  
  72  6:56  Probe (Chrono Boost)  
  72  7:01  Probe (Chrono Boost)  
  69  7:06  Probe (Chrono Boost)  
  66  7:09  Probe (Chrono Boost)  
  66  7:11  Probe (Chrono Boost)  
Tags
 
Add a new tag
Caveats
  • Supply blocks, unpowered buildings, or Contaminate may cause inaccurate times.
  • Supply counts are checked every 10 seconds.